AoeStats
← MattAtArms

Arabia

503991411Analyzed
1v1 RM · 1mo ago on Sep 3, 2026· 31m 45s· 2 players
Game mode
Random Map
Map size
Tiny (2 player)
Population
200
Speed
Normal
Resources
Standard
Victory
Conquest
Starting age
Dark Age
Ending age
Imperial Age
RankedLock teamsTeams togetherTeam positionsShared explorationLock speedFull tech treeHidden civsTurbo modeCheats
Victory
Defeat
🇬🇧 Burgundians · United Kingdom
1882
+17
🇨🇳 Bulgarians · China
1913
-17
MattAtArms
4:04 Double-Bit Axe
7:15 Loom
10:23 Feudal Age
11:27 Bow Saw
14:01 Horse Collar
15:49 Fletching
22:27 Castle Age
20:25 Gold Mining
20:52 Padded Archer Armor
22:50 Crossbowman
23:29 Bodkin Arrow
24:34 Two-Man Saw
25:44 Ballistics
26:03 Wheelbarrow
25:13 Town Watch
_否_
6:10 Loom
9:06 Feudal Age
10:06 Double-Bit Axe
13:54 Fletching
15:53 Padded Archer Armor
19:06 Scale Barding Armor
20:13 Forging
22:21 Wheelbarrow
25:11 Castle Age
23:51 Bloodlines
23:26 Horse Collar
23:37 Gold Mining
26:14 Chain Barding Armor
25:56 Husbandry
26:09 Bow Saw
Connection lost

Rejoining the realm…

Still unreachable

The connection could not be restored.

Session expired

The server has moved on; the page needs a fresh start.